Unix NetHack Version 3.7.0-66 Work-in-progress - last build Dec 5 2022 03:26:57 (dbea811729ade750c4c0c7f8ab6145c62533a6e7,branch:master). Game began 2022-12-04 17:09:29, ended 2022-12-06 08:46:20. elenmirie, neutral female gnomish Ranger ----------- |.......<.| ######## |.........| # #-|------------------------------- -----.---.-# # |...............................| ###### |.---- .----- ----+-- ----- | ## |.| -.| |.| |.| |.--+- |.| |....| |.| |.{..--+-.----- |..........|..| |....--+-..-..| -.--+- |.----| |.| |.|.%=| |.| ----.|@m%| |.| |....r@)[| |.- -....----- |. ....... ----------- Elenmirie the Trailblazer St:14 Dx:11 Co:16 In:11 Wi:16 Ch:8 Neutral Dlvl:7 $:203 HP:0(45) Pw:40(40) AC:2 Xp:6/453 T:4172 Fainted Deaf Latest messages: You drop a worthless piece of red glass. c - an uncursed +2 crossbow bolt (in quiver pouch) (42 in total). c - an uncursed +2 crossbow bolt (in quiver pouch) (43 in total). c - 2 uncursed +2 crossbow bolts (in quiver pouch) (45 in total). The manes strikes at your displaced image and misses you! You begin bashing monsters with your crossbow. You hit the manes. a - an uncursed +1 dagger (weapon in hand). b - an uncursed +1 crossbow (alternate weapon; not wielded). You destroy the manes! You descend the stairs. You hear a door open. You find a hidden door. The door opens. You hear crashing rock. The orc mummy opens a door. You faint from lack of food. You regain consciousness. The door opens. The door opens. "Hello, elenmirie! Welcome to Akureyri's general store!" Wait! That's a small mimic! You miss the small mimic. You hear a door open. a - an uncursed +1 dagger (weapon in hand). You hit the small mimic. You miss the small mimic. You hit the small mimic. The small mimic strikes at your displaced image and misses you! You hit the small mimic. The small mimic hits! You hit the small mimic! You hit the small mimic. You hit the small mimic. You faint from lack of food. The small mimic hits! The small mimic hits! The small mimic hits! You regain consciousness. You faint from lack of food. The rabid rat misses! The rabid rat bites! The rabid rat bites! You die... Akureyri gratefully inherits all your possessions. Do you want to see what you had when you died? [ynq] (y) y Do you want to see your attributes? [ynq] (y) y Do you want an account of creatures vanquished? [ynaq] (y) y Do you want to see your conduct and achievements? [ynq] (y) y Do you want to see the dungeon overview? [ynq] (y) y Inventory: Coins $ - 203 gold pieces Weapons c - 45 uncursed +2 crossbow bolts (in quiver pouch) d - 30 uncursed +0 crossbow bolts H - 12 uncursed poisoned +2 orcish arrows b - an uncursed +1 crossbow (alternate weapon; not wielded) a - an uncursed +1 dagger (weapon in hand) k - an uncursed +0 dagger z - 4 uncursed +0 daggers j - an uncursed +0 orcish dagger Armor w - an uncursed +2 cloak of displacement (being worn) u - an uncursed +0 elven mithril-coat (being worn) Comestibles i - an uncursed apple f - an uncursed cram ration A - 5 uncursed food rations t - an uncursed fortune cookie v - an uncursed tripe ration J - an uncursed tripe ration Q - 2 uncursed tripe rations Scrolls F - an uncursed scroll of amnesia q - an uncursed scroll of blank paper x - 2 uncursed scrolls of confuse monster h - an uncursed scroll of food detection D - an uncursed scroll of gold detection C - an uncursed scroll of identify Potions r - an uncursed potion of booze I - an uncursed potion of confusion g - an uncursed potion of gain energy R - an uncursed potion of object detection L - an uncursed potion of oil l - a cursed potion of restore ability n - an uncursed potion of speed Rings S - a cursed ring of fire resistance o - an uncursed ring of levitation Wands M - an uncursed wand of cancellation (0:4) O - an uncursed wand of speed monster (0:3) Tools s - a cursed magic harp (0:6) e - an uncursed skeleton key P - an uncursed stethoscope E - a cursed tallow candle B - an uncursed tin whistle Gems/Stones y - an uncursed touchstone Elenmirie the Ranger's attributes: Background: You were a Trailblazer, a level 6 female gnomish Ranger. You were neutral, on a mission for Venus who was opposed by Mercury (lawful) and Mars (chaotic). You were in the Gnomish Mines, on level 7. You entered the dungeon 4172 turns ago. You had 453 experience points, 187 more were needed to attain level 7. Basics: You had 0 out of 45 hit points. You had all 40 energy points (spell power). Your armor class was 2. Your wallet contained 203 zorkmids. Autopickup was on for '$' plus thrown. Final Characteristics: Your strength was 14 (base:15, limit:18/50). Your dexterity was 11 (limit:18). Your constitution was 16 (limit:18). Your intelligence was 11 (limit:19). Your wisdom was 16 (limit:18). Your charisma was 8 (limit:18). Final Status: You were deaf. You were fainted due to starvation. You were unencumbered. You were wielding a dagger. You had basic skill with dagger and could have enhanced that. Final Attributes: You were piously aligned. You were telepathic. You had automatic searching. You had infravision. You were displaced. You were guarded. You were fast. You are dead. Miscellaneous: You never encountered a bones level. Total elapsed playing time was 49 minutes and 56 seconds. Major events: Turn 1: elenmirie the neutral female gnomish Ranger entered the dungeon 510: attained the rank of Lookout (level 3) 2992: entered the Gnomish Mines 3559: attained the rank of Trailblazer (level 6) 4120: reached Mine Town 4172: killed by a rabid rat, while fainted from lack of food Vanquished creatures: a ghost 3 small mimics a giant beetle a leprechaun a dog 2 mountain nymphs 4 Uruk-hai a rock piercer 2 rock moles 2 yellow lights a kobold mummy a floating eye 3 dwarves a homunculus a rothe a giant bat an orc zombie a wererat a werejackal 4 iguanas an acid blob 2 hobbits 2 manes a hobgoblin 2 giant rats 2 cave spiders a brown mold a yellow mold 2 red molds 5 gnomes a gnome zombie 6 geckos a jackal 2 foxes a kobold a goblin 2 sewer rats 5 grid bugs 2 bats 5 lichens 2 kobold zombies 5 newts 85 creatures vanquished. No species were genocided or became extinct. Voluntary challenges: You read items or engraved 4 times. You never engraved Elbereth. You never genocided any monsters. You never polymorphed an object. You never changed form. You used no wishes. Achievements: You attained the rank of Lookout. You entered a shop. You entered the Gnomish Mines. You attained the rank of Trailblazer. You entered Minetown. The Dungeons of Doom: levels 1 to 5 Level 1: An altar. Level 2: A scroll shop. Level 3: Stairs down to The Gnomish Mines. Level 4: A fountain. Level 5: A scroll shop, a fountain. The Gnomish Mines: levels 4 to 7 Level 4: Level 5: Level 6: Level 7: <- You were here. A general store, a fountain. Final resting place for you, killed by a rabid rat, while fainted from lack of food. Game over: ---------- / \ / REST \ / IN \ / PEACE \ / \ | elenmirie | | 0 Au | | killed by a | | rabid rat | | | | | | 2022 | *| * * * | * _________)/\\_//(\/(/\)/\//\/|_)_______ Goodbye elenmirie the Ranger... You died in The Gnomish Mines on dungeon level 7 with 2668 points, and 0 pieces of gold, after 4172 moves. You were level 6 with a maximum of 45 hit points when you died.